 Dungeon Crawl Stone Soup version 0.19-a0-593-gf2cdb02 (webtiles) character file.

150 nubinia the Conjurer (level 5, -3/38 HPs)
             Began as a Draconian Conjurer on June 10, 2016.
             Slain by a worker ant (4 damage)
             ... on level 3 of the Dungeon.
             The game lasted 00:17:25 (4483 turns).

nubinia the Conjurer (Draconian Conjurer)           Turns: 4483, Time: 00:17:25

Health: -3/38      AC:  6    Str: 10    XL:     5   Next: 10%
Magic:  2/10       EV: 12    Int: 17    God:
Gold:   129        SH:  0    Dex: 11    Spells: 2 memorised, 6 levels left

rFire  + . .     SeeInvis .     i - +2 hunting sling (flame)
rCold  + . .     Gourm    .     (armour unavailable)
rNeg   . . .     Faith    .     (no shield)
rPois  +         Spirit   .     (helmet restricted)
rElec  +         Dismiss  .     (no cloak)
rCorr  +         Reflect  .     f - +0 pair of gloves
SustAt .         Harm     .     (no boots)
MR     .....     Rnd*Tele +     (no amulet)
Stlth  ++........               m - ring of flight
                                e - ring of teleportation (curse)

@: lethally poisoned (-3 -> -4), resistant, flying, very slightly contaminated,
not resistant to hostile enchantments, unstealthy
A: unfitting armour, cold-blooded, AC +5
a: no special abilities


You were on level 3 of the Dungeon.
You were not hungry.

You visited 1 branch of the dungeon, and saw 4 of its levels.

You collected 129 gold pieces.

Inventory:

Hand Weapons
 c - a +1 whip
 i - a +2 hunting sling of flaming (weapon)
Missiles
 n - 180 stones (quivered)
 p - 15 sling bullets
Armour
 f - a +0 pair of gloves (worn)
Jewellery
 e - a cursed ring of teleportation (left hand)
 m - a ring of flight (right hand)
Scrolls
 h - a scroll of immolation
Potions
 l - a potion of brilliance
Books
 a - a book of Conjurations

   Spells                             Type                      Level
   a - Magic Dart                     Conjuration                  1
   b - Searing Ray                    Conjuration                  2
   c - Dazzling Spray                 Conjuration/Hexes            3
   d - Fulminant Prism                Conjuration/Hexes            4
   e - Iskenderun's Mystic Blast      Conjuration                  4
   f - Iskenderun's Battlesphere      Conjuration/Charms           5
Comestibles
 b - a bread ration
 g - 2 meat rations


   Skills:
 + Level 0.4 Maces & Flails
 + Level 2.4 Dodging
 + Level 2.2 Stealth
 + Level 3.3 Spellcasting
 + Level 5.0 Conjurations


You had 6 spell levels left.
You knew the following spells:

 Your Spells              Type           Power        Failure   Level  Hunger
a - Magic Dart            Conj           ###.         2%          1    None
b - Dazzling Spray        Conj/Hex       ##....       21%         3    ###....


Dungeon Overview and Level Annotations

Branches:
Dungeon (4/15)
 Temple: D:4-7

Altars:


Innate Abilities, Weirdness & Mutations

Your plain brown scales are hard. (AC +5)
Your body does not fit into most forms of armour.
You are cold-blooded and may be slowed by cold attacks.


Message History

Firing (i - inventory. (,) - cycle):
n - 182 stones (quivered)
Press: ? - help, Shift-Dir - straight line, f/p - worker ant
Aim: a worker ant (heavily wounded)
You shoot a stone.
The stone closely misses the worker ant.
The worker ant bites you.
* * * LOW HITPOINT WARNING * * *
The worker ant bites you but does no damage.
Firing (i - inventory. (,) - cycle):
n - 181 stones (quivered)
Press: ? - help, Shift-Dir - straight line, f/p - worker ant
Aim: a worker ant (heavily wounded)
You shoot a stone.
The stone completely misses the worker ant.
* * * LOW HITPOINT WARNING * * *
You feel sick. The worker ant bites you.
* * * LOW HITPOINT WARNING * * *
It was a potion of flight.
You feel very buoyant.
You fly up into the air.
The worker ant bites you.
You die...

##..........#........###.#.#
#..................(###.#.#
##..###..)##.........#.....#
...## #..............#.#.###
#### #.#.##.........#.#.#
#.#)##......(#..<..#
#......####.(###.###
###.##.#..#a.###.#
#.##.#..@......# #####
#......##..##### ##...#
####.......# .....#
#......## ##...# ########
###.## #.# #.# #.#


You could see a worker ant.

Vanquished Creatures
  3 gnolls (D:3)
  An adder (D:2)
  5 worms
  3 dart slugs
  5 giant geckos
  2 orcs (D:3)
  8 bats
  7 giant cockroaches
  7 hobgoblins
  6 jackals
  16 kobolds
  A quokka (D:3)
  A ball python (D:2)
  2 giant newts
  6 goblins
  7 rats
80 creatures vanquished.

Notes
Turn   | Place    | Note
--------------------------------------------------------------
     0 | D:1      | nubinia the Draconian Conjurer began the quest for the Orb.
     0 | D:1      | Reached XP level 1. HP: 14/14 MP: 3/3
   274 | D:1      | Reached XP level 2. HP: 20/20 MP: 1/5
   970 | D:1      | Reached XP level 3. HP: 26/26 MP: 2/6
  1982 | D:1      | Learned a level 3 spell: Dazzling Spray
  2204 | D:2      | Reached XP level 4. HP: 33/33 MP: 2/8
  3460 | D:3      | Reached skill level 5 in Conjurations
  3460 | D:3      | Reached XP level 5. HP: 37/38 MP: 0/9
  4482 | D:3      | HP: 1/38 [worker ant (1)]
  4483 | D:3      | Slain by a worker ant

Vault maps used:
D:1:      shiori_shiawase, minmay_curled_crystal, grunt_decor_cap,
          minmay_crystal_water
D:3:      first_bread
D:4:      serial_shops, shop_coins, kennysheep_generic_room_10

Skill      XL: |  1  2  3  4 |
---------------+-------------+-----
Dodging        | 2 |  2.4
Stealth        | 2 |  2.2
Spellcasting   | 3 |  3.3
Conjurations   | 5 |  5.0
Maces & Flails | |  0.4

Action                   |  1- 3 |  4- 6 || total
-------------------------+-------+-------++-------
Melee: Whip              |    56 |    57 ||   113
       Tailslap          |     5 |     8 ||    13
 Fire: Hunting sling     |       |    13 ||    13
 Cast: Magic Dart        |    95 |    64 ||   159
       Dazzling Spray    |       |     3 ||     3
  Use: Scroll            |     3 |     4 ||     7
       Potion            |       |     4 ||     4
 Stab: Sleeping          |       |     1 ||     1
  Eat: Chunk             |     4 |     4 ||     8
       Pizza             |     1 |       ||     1
       Bread ration      |       |     1 ||     1
Armor: Skin              |    24 |    27 ||    51
Dodge: Dodged            |    51 |    45 ||    96
